AoeStats
← Navix de los Bosques de Lituania

Arabia

504153399Analyzed
2v2 RM · 28d ago on Sep 4, 2026· 47m 31s· 4 players
Game mode
Random Map
Map size
Medium (4 player)
Population
200
Speed
Normal
Resources
Standard
Victory
Conquest
Starting age
Dark Age
Ending age
Imperial Age
RankedLock teamsTeams togetherTeam positionsShared explorationLock speedFull tech treeHidden civsTurbo modeCheats
Victory
Defeat
🇦🇷 Goths · Argentina
789
+14
🇦🇷 Bohemians · Argentina
731
+17
🇨🇴 Romans · Colombia
755
-16
728
-15
Derzer
10:15 Feudal Age
15:47 Wheelbarrow
15:17 Horse Collar
15:30 Man-at-Arms
19:34 Scale Mail Armor
19:26 Double-Bit Axe
22:10 Forging
24:29 Castle Age
25:52 Bloodlines
25:55 Light Cavalry
29:26 Stone Mining
31:34 Caravan
31:55 Bow Saw
34:20 Gold Mining
38:18 Elite Skirmisher
41:48 Imperial Age
43:02 Conscription
Navix de los Bosques de Lituania
5:29 Loom
11:54 Feudal Age
12:09 Man-at-Arms
12:34 Arson
12:56 Long Swordsman
37:19 Castle Age
37:21 Two-Handed Swordsman
38:05 Squires
37:51 Gambesons
38:59 Scale Mail Armor
39:10 Forging
42:33 Double-Bit Axe
42:38 Gold Mining
43:27 Wheelbarrow
Ramon
6:10 Loom
13:04 Feudal Age
18:28 Man-at-Arms
21:38 Wheelbarrow
25:36 Castle Age
24:01 Horse Collar
24:08 Double-Bit Axe
29:52 Heavy Plow
41:59 Long Swordsman
43:42 Scale Mail Armor
46:53 Arson
lea4dead
6:12 Loom
11:25 Feudal Age
11:51 Double-Bit Axe
11:54 Horse Collar
14:41 Forging
15:27 Gold Mining
16:38 Man-at-Arms
21:44 Castle Age
21:09 Scale Mail Armor
21:14 Fletching
21:46 Long Swordsman
23:08 Heavy Plow
25:24 Iron Casting
25:34 Pikeman
31:14 Bow Saw
32:32 Ballistics
32:45 Anarchy
34:33 Squires
35:29 Wheelbarrow
39:35 Chain Mail Armor
45:07 Imperial Age
45:10 Hand Cart
Connection lost

Rejoining the realm…

Still unreachable

The connection could not be restored.

Session expired

The server has moved on; the page needs a fresh start.